 Dungeon Crawl Stone Soup version 0.29.1-14-g9c671dbff4 (webtiles) character file.

Game seed: 12941926756294368063

19026 Peloso the Carver (level 12, -1/107 HPs)
             Began as a Minotaur Fighter on Feb 16, 2023.
             Was a High Priest of Okawaru.
             Slain by a death yak (17 damage)
             ... on level 2 of the Lair of Beasts.
             The game lasted 00:29:07 (12812 turns).

Peloso the Carver (Minotaur Fighter)               Turns: 12812, Time: 00:29:08

Health: -1/107     AC: 23    Str: 23    XL:     12   Next: 32%
Magic:  11/13      EV: 11    Int:  4    God:    Okawaru [*****.]
Gold:   395        SH:  8    Dex: 13    Spells: 11/11 levels left

rFire   + + .      SeeInvis +   a - +4 falchion "Tormentor" {freeze, Stlth+}
rCold   . . .      Faith    .   d - +0 buckler
rNeg    . . .      Spirit   .   Q - +2 plate armour of Tacun {*Corrode rPois rF++ Int-3}
rPois   +          Reflect  .   T - +3 crown of Dyrovepreva {rElec Int+2 SInv}
rElec   +          Harm     .   (no cloak)
rCorr   +          Rampage  .   (no gloves)
Will    +....                   (no boots)
Stlth   ..........              i - amulet of regeneration
HPRegen 1.07/turn               x - ring of willpower
MPRegen 0.13/turn               k - ring of resist corrosion

@: heroic
A: horns 2, retaliatory headbutt
a: Renounce Religion, Heroism, Finesse, Duel


You were on level 2 of the Lair of Beasts.
You worshipped Okawaru.
Okawaru was extremely pleased with you.
You visited 3 branches of the dungeon, and saw 14 of its levels.

You collected 908 gold pieces.
You spent 513 gold pieces at shops.

Inventory:

Hand Weapons
 a - the +4 falchion "Tormentor" (weapon) {freeze, Stlth+}
   (You found it on level 2 of the Lair of Beasts)

   It freezes those it strikes, dealing additional cold damage.
   It can also slow down cold-blooded creatures.
   Stlth:     It makes you more stealthy.
 b - a +2 morningstar of flaming
Missiles
 E - 2 throwing nets (quivered)
Armour
 d - a +0 buckler (worn)
 f - a +0 chain mail
 t - a +2 chain mail of fire resistance
 F - +0 swamp dragon scales
 P - the +1 chain mail of Wu Jian's Inspiration {rElec}
   (You bought it in a shop on level 4 of the Dungeon)

   rElec:     It insulates you from electricity.
 Q - the +2 plate armour of Tacun (worn) {*Corrode rPois rF++ Int-3}
   (You found it on level 4 of the Dungeon)

   Int:       It affects your intelligence (-3).
   rF:        It greatly protects you from fire.
   rPois:     It protects you from poison.
   *Corrode:  It may corrode you when you take damage.
 T - the +3 crown of Dyrovepreva (worn) {rElec Int+2 SInv}
   (Okawaru gifted it to you on level 1 of the Lair of Beasts)

   Int:       It affects your intelligence (+2).
   rElec:     It insulates you from electricity.
   SInv:      It lets you see invisible.
Jewellery
 c - an amulet of faith
 e - a ring of ice
 i - an amulet of regeneration (around neck)
 k - a ring of resist corrosion (right hand)
 o - a ring of see invisible
 q - a ring of ice
 x - a ring of willpower (left hand)
 y - a ring of wizardry
Wands
 n - a wand of digging (5)
 r - a wand of quicksilver (7)
 M - a wand of iceblast (5)
 N - a wand of mindburst (31)
 S - a wand of flame (8)
Scrolls
 j - 4 scrolls of magic mapping
 m - 2 scrolls of immolation
 p - 3 scrolls of summoning
 u - 4 scrolls of teleportation
 v - 4 scrolls of fear {unknown}
 B - 3 scrolls of vulnerability {unknown}
 D - a scroll of brand weapon {unknown}
 G - a scroll of amnesia {unknown}
 H - 3 scrolls of blinking {unknown}
 J - 3 scrolls of noise {unknown}
 K - a scroll of butterflies {unknown}
 L - a scroll of acquirement
 O - a scroll of enchant armour
 R - 2 scrolls of poison {unknown}
 V - a scroll of enchant weapon {unknown}
Potions
 g - 4 potions of might
 h - 3 potions of magic
 l - 2 potions of berserk rage
 s - 3 potions of ambrosia
 w - 2 potions of brilliance
 z - a potion of degeneration
 A - 2 potions of haste
 C - a potion of flight
 I - a potion of cancellation
 U - a potion of curing


   Skills:
 + Level 10.5(15.5) Fighting
 + Level 13.5(18.5) Long Blades
 + Level 2.7(7.7) Maces & Flails
 + Level 13.4(18.4) Armour
 + Level 4.5(9.5) Dodging
 + Level 2.2(7.2) Stealth
 + Level 10.8(15.8) Shields
 + Level 2.7 Invocations
 + Level 0.1 Evocations


You had 11 spell levels left.
You didn't know any spells.
Your spell library contained the following spells:

 Spells                   Type           Power      Damage    Failure   Level
 Apportation              Tloc           0%         N/A       99%         1
 Beastly Appendage        Tmut           0%         N/A       99%         1
 Freeze                   Ice            0%         1d3       99%         1
 Necrotise                Necr           0%         1d4       99%         1
 Sandblast                Erth           0%         2d4       99%         1
 Blink                    Tloc           0%         N/A       100%        2
 Ensorcelled Hibernation  Hex/Ice        0%         N/A       100%        2
 Passwall                 Tmut/Erth      0%         N/A       100%        2
 Wereblood                Tmut           0%         N/A       100%        2
 Confusing Touch          Hex            0%         N/A       100%        3
 Frozen Ramparts          Ice            0%         1d1       100%        3
 Inner Flame              Hex/Fire       0%         N/A       100%        3
 Lesser Beckoning         Tloc           0%         N/A       100%        3
 Spider Form              Tmut/Pois      0%         N/A       100%        3
 Stone Arrow              Conj/Erth      0%         3d7       100%        3
 Anguish                  Hex/Necr       0%         N/A       100%        4
 Cause Fear               Hex            0%         N/A       100%        4
 Ice Form                 Ice/Tmut       0%         N/A       100%        4
 Manifold Assault         Tloc           0%         N/A       100%        5
 Yara's Violent Unravell  Hex/Tmut       0%         3d3       100%        5
 Enfeeble                 Hex            0%         N/A       100%        7
 Discord                  Hex            0%         N/A       100%        8
 Summon Ice Beast         Ice/Summ       Unusable   N/A       N/A         4

Dungeon Overview and Level Annotations

Branches:
Dungeon (11/15)            Temple (1/1) D:4            Lair (2/5) D:11
    Orc (0/2) D:9
  Swamp: Lair:2-3    Shoals: Lair:2-3     Snake: Lair:2-3    Spider: Lair:2-3

Altars:
Ashenzari
Cheibriados
Dithmenos
Elyvilon
Fedhas
Gozag
Hepliaklqana
Kikubaaqudgha
Makhleb
Nemelex Xobeh
Okawaru
Qazlal
Ru
Trog
Uskayaw
Vehumet
Wu Jian
Xom
Yredelemnul
Zin
The Shining One

Shops:
D:4 (*[(*   D:5 =*   D:7 !   D:9 [(

Annotations:
D:5 Dig
D:7 exclusion: ice statue


Innate Abilities, Weirdness & Mutations

You have a pair of horns on your head.
You reflexively headbutt those who attack you in melee.


Message History

You kill the death yak!
Okawaru accepts your kill.
The death yak gores you but does no damage.
The death yak gores you! The death yak gores you.
You see here a death yak corpse.
You slash the death yak! You freeze the death yak. You headbutt the death yak!
The death yak is moderately wounded.
The death yak gores you but does no damage.
The death yak gores you. You block the death yak's attack.
You hit the death yak. You freeze the death yak. You headbutt the death yak!
The death yak is heavily wounded.
The death yak gores you but does no damage.
The death yak completely misses you. The death yak gores you.
You hit the death yak but do no damage. You headbutt the death yak.
The death yak is heavily wounded.
You slash the death yak! You freeze the death yak. You headbutt the death yak!
The death yak is almost dead.
The death yak gores you!! The death yak barely misses you.
You furiously retaliate!
You headbutt the death yak, but do no damage.
The death yak completely misses you.
You hit the death yak. You freeze the death yak.
The death yak is almost dead.
You hit the death yak but do no damage.
The death yak is almost dead.
The death yak gores you!!
* * * LOW HITPOINT WARNING * * *
You barely miss the death yak.
The death yak is almost dead.
The death yak gores you!
* * * LOW HITPOINT WARNING * * *
You hit the death yak. You freeze the death yak.
The death yak is almost dead.
You hit the death yak. You freeze the death yak.
Your headbutt misses the death yak.
The death yak is almost dead.
You block the death yak's attack.
You gain the combat prowess of a mighty hero.
The death yak gores you!
You die...

.##
###....######.##..........#
..# ##..### ####.........##
P.## ##...# ##........#
#..####..### #>.......#
...#..#'#######
#####.....##P#
...P.#........#
..........####
...P.........#####..........#
.....+.......##..+.......
....##..........@#Y...<..
...###.......####YYY.....
.### #..#.#P#.# ##.#.#..# #.
~.....##### ## ~#...#.#
...♣.... ~#.. .# ~


You could see 3 death yaks.

Vanquished Creatures
  2 hydras
  3 two-headed ogres
  2 death yaks (Lair:2)
  Pikel (D:5)
  A gargoyle (D:10)
  Maggie (D:7)
  A kobold demonologist (D:10)
  A rime drake (Lair:1)
  3 trolls
  A hornet (D:11)
  A polar bear (Lair:1)
  6 slime creatures
  A shadow (D:10)
  2 wyverns
  5 wraiths
  Grum (D:9)
  26 yaks
  4 vampire mosquitoes (D:10)
  An acid dragon (D:10)
  5 water moccasins
  2 sky beasts
  3 ice beasts
  4 black bears
  2 wolves
  4 orc warriors
  3 ogres
  7 centaurs
  2 lemures (D:5)
  2 phantoms
  3 necrophages
  8 bullfrogs
  A gnoll sergeant (D:9)
  3 scorpions
  7 wights
  A howler monkey (D:8)
  2 electric eels (D:8)
  8 hounds
  4 jellies
  4 orc priests
  2 gnoll boudas (D:7)
  4 iguanas (D:6)
  17 orc wizards
  4 hell rats (Lair:1)
  12 gnolls
  5 adders
  A shadow imp (D:5)
  A white imp (D:5)
  2 ufetubi (D:6)
  A worm (D:2)
  3 dart slugs
  38 orcs
  8 endoplasms
  2 giant cockroaches
  9 goblins
  2 hobgoblins
  2 jackals (D:2)
  2 quokkas
  10 ball pythons
  7 bats
  4 frilled lizards (D:1)
  3 kobolds
  6 rats
283 creatures vanquished.

Vanquished Creatures (others)
  11 fungi
  17 plants
28 creatures vanquished.

Grand Total: 311 creatures vanquished

Notes
Turn   | Place    | Note
-------+----------+-------------------------------------------
     0 | D:1      | Peloso the Minotaur Fighter began the quest for the Orb.
     0 | D:1      | Reached XP level 1. HP: 19/19 MP: 0/0
   208 | D:1      | Reached XP level 2. HP: 26/27 MP: 1/1
   674 | D:1      | Reached XP level 3. HP: 28/33 MP: 2/2
  1087 | D:2      | Found a faded altar of an unknown god.
  1341 | D:2      | Found a blossoming altar of Fedhas.
  1657 | D:3      | Found a hide-covered altar of Uskayaw.
  1694 | D:3      | Got Sorcery for Dummies
  1771 | D:3      | Identified the +9 sling of Noefeciq {flame, Drain Int-2
                  | Dex+9 SInv}
  1780 | D:3      | Found a bloodstained altar of Trog.
  1900 | D:3      | Reached XP level 4. HP: 40/40 MP: 3/3
  1954 | D:3      | Found a glowing silver altar of Zin.
  2326 | D:4      | Noticed a necrophage
  2327 | D:4      | Noticed a scorpion
  2363 | D:4      | Killed a necrophage
  2364 | D:4      | Reached XP level 5. HP: 45/47 MP: 4/4
  2369 | D:4      | Found Galasch's Assorted Antiques.
  2373 | D:4      | Bought a glowing chain mail for 180 gold pieces
  2373 | D:4      | Bought a scroll labelled DUPSIH EGRIRGHE for 24 gold pieces
  2373 | D:4      | Bought a scroll labelled RAWAUBL ZEUHOM for 24 gold pieces
  2392 | D:4      | Found a staircase to the Ecumenical Temple.
  2406 | Temple   | Entered the Ecumenical Temple
  2463 | Temple   | Became a worshipper of Warmaster Okawaru
  2533 | D:4      | Found Odwiysyati's Weapon Emporium.
  2544 | D:4      | Found Eschaxul's Antique Armour Boutique.
  2548 | D:4      | Identified the +2 plate armour of Tacun {*Corrode rPois
                  | rF++ Int-3}
  2612 | D:4      | Noticed a sky beast
  2618 | D:4      | Killed a sky beast
  2619 | D:4      | Reached skill level 5 in Armour
  2619 | D:4      | Reached XP level 6. HP: 48/53 MP: 5/5
  2629 | D:4      | Reached skill level 5 in Long Blades
  2646 | D:4      | Reached skill level 1 in Dodging
  2668 | D:4      | Found Xior's Weapon Shoppe.
  2733 | D:4      | Found Oxzegas's General Store.
  2882 | D:5      | Entered Level 5 of the Dungeon
  2906 | D:5      | Found Duod's Jewellery Boutique.
  2928 | D:5      | Reached skill level 5 in Shields
  2937 | D:5      | Reached * piety under Okawaru
  2981 | D:5      | Found Upymofan's Overcharged Wands.
  3120 | D:5      | Reached XP level 7. HP: 43/60 MP: 3/6
  3121 | D:5      | Reached skill level 5 in Fighting
  3306 | D:5      | Reached ** piety under Okawaru
  3307 | D:5      | Found a blossoming altar of Fedhas.
  3393 | D:5      | Found a stormy altar of Qazlal.
  3625 | D:5      | Reached XP level 8. HP: 68/68 MP: 7/7
  3835 | D:5      | Found a sacrificial altar of Ru.
  4134 | D:6      | Noticed Pikel
  4192 | D:5      | Killed Pikel
  4192 | D:5      | Reached *** piety under Okawaru
  4193 | D:5      | Reached skill level 1 in Stealth
  4371 | D:6      | Found a hazy altar of Hepliaklqana.
  4648 | D:6      | Reached XP level 9. HP: 75/75 MP: 8/8
  5290 | D:7      | Noticed Maggie
  5291 | D:7      | Reached **** piety under Okawaru
  5308 | D:7      | Killed Maggie
  5519 | D:7      | Noticed an ice statue
  5618 | D:7      | Found Dudeq's Distillery.
  5992 | D:7      | Found a shadowy altar of Dithmenos.
  6000 | D:7      | Reached skill level 10 in Long Blades
  6810 | D:8      | Reached XP level 10. HP: 75/86 MP: 9/9
  6912 | D:8      | Reached ***** piety under Okawaru
  7171 | D:8      | Found the +18 Lear's hauberk
  7288 | D:4      | Bought a shimmering chain mail for 285 gold pieces
  7288 | D:4      | Identified the +1 chain mail of Wu Jian's Inspiration
                  | {rElec} (You bought it in a shop on level 4 of the Dungeon)
  7405 | D:9      | Reached skill level 1 in Invocations
  7673 | D:8      | Reached skill level 10 in Armour
  7865 | D:9      | Received a gift from Okawaru
  7875 | D:8      | HP: 1/88 [slime creature (8)]
  8429 | D:9      | Noticed Grum
  8445 | D:9      | Killed Grum
  8529 | D:9      | Found Roudoege's Armour Shoppe.
  8531 | D:9      | Found a staircase to the Orcish Mines.
  8533 | D:9      | Found Cekinun's Weapon Shoppe.
  8739 | D:9      | Noticed a two-headed ogre
  8749 | D:9      | Killed a two-headed ogre
  8750 | D:9      | Reached XP level 11. HP: 67/95 MP: 8/11
  9007 | D:10     | Entered Level 10 of the Dungeon
  9413 | D:10     | Noticed a two-headed ogre
  9426 | D:10     | Killed a two-headed ogre
  9514 | D:10     | Noticed a two-headed ogre
  9530 | D:10     | Killed a two-headed ogre
 10115 | D:11     | Identified a scroll of acquirement
 10172 | D:11     | Noticed a five-headed hydra
 10257 | D:10     | Reached skill level 10 in Shields
 10490 | D:10     | Received a gift from Okawaru
 11312 | D:11     | Killed a five-headed hydra
 11447 | D:11     | Found a staircase to the Lair.
 11679 | Lair:1   | Entered Level 1 of the Lair of Beasts
 11760 | Lair:1   | Reached skill level 1 in Maces & Flails
 11914 | Lair:1   | Received a gift from Okawaru
 11914 | Lair:1   | Found the +3 crown of Dyrovepreva {rElec Int+2 SInv}
 11915 | Lair:1   | Reached XP level 12. HP: 106/106 MP: 13/13
 12037 | Lair:1   | Reached skill level 10 in Fighting
 12585 | Lair:2   | Noticed a six-headed hydra
 12592 | Lair:2   | Killed a six-headed hydra
 12686 | Lair:2   | Identified the +4 falchion "Tormentor" {freeze, Stlth+}
 12762 | Lair:2   | Noticed a death yak
 12762 | Lair:2   | Noticed a death yak
 12762 | Lair:2   | Noticed a death yak
 12762 | Lair:2   | Noticed a death yak
 12762 | Lair:2   | Noticed a death yak
 12762 | Lair:2   | Noticed a death yak
 12782 | Lair:2   | Killed a death yak
 12800 | Lair:2   | Killed a death yak
 12812 | Lair:2   | Slain by a death yak

Illustrated notes

Levels and vault maps discovered:
D:1:      onia_arrival_pentagram, layout_loops_ring, minmay_tree_intersection
D:2:      layout_basic, hellmonk_ecumenical_altar_lost_god, basic_altar
D:3:      layout_loops_ring, mainiacjoe_overflow_chevrons, trog_book,
          amcnicky_altar_gilded, kennysheep_doodads
D:4:      layout_rooms, minmay_temple_entry_glass, serial_shops, shop, shop,
          kennysheep_little_box, nicolae_diamond_shop, nicolae_diamond_shop,
          minmay_misc_feat_roman
D:5:      minmay_skewed_foursquare, layout_loops_corners,
          nicolae_ru_great_annihilating_truth, lemuel_crystal_altar,
          mainiacjoe_overflow_24_doors, serial_shops, nicolae_shop_statue_plus,
          hangedman_abyss_or_decor_passed, chequers_decorated_corner,
          nicolae_shop_overcharged_wands
D:6:      layout_gridville, nicolae_overflow_crystal_walls, uniq_pikel
D:7:      lemuel_ice_statue, layout_basic, mainiacjoe_overflow_alcove_1,
          serial_shops, nicolae_square_shop, uniq_maggie
D:8:      layout_layer_cave, serial_bayou_ford_a
D:9:      layout_basic, orc_david_3, hangedman_decor_slide_cut, uniq_grum
D:10:     layout_long_grid, serial_rivers, chequers_serial_rivers_large_b,
          chequers_serial_rivers_micro_c, chequers_serial_rivers_large_a,
          chequers_serial_rivers_micro_d
D:11:     layout_rooms, due_lair_maze_entry_diamond
Temple:   eino_temple_water
Lair:1:   layout_roguey, nicolae_quartered_pool_little, minivault_23,
          grunt_megastairs_4
Lair:2:   layout_roguey, chequers_serial_rivers_marsh, lemuel_fruit_fields

Skill      XL: |  1  2  3  4  5  6  7  8  9 10 11 12 |
---------------+-------------------------------------+-----
Shields        | 4 5 7 9 10 | 10.8
Fighting       | 4 5 6 7 8 9 10 | 10.5
Long Blades    | 3 4 6 8 10 11 12 13 | 13.5
Armour         | 4 5 6 7 9 11 12 13 | 13.4
Dodging        | 1 2 4 |  4.5
Stealth        | 1 2 |  2.2
Invocations    | 1 2 |  2.7
Maces & Flails | 2 |  2.7
Evocations     | |  0.1

Action                   |  1- 3 |  4- 6 |  7- 9 | 10-12 || total
-------------------------+-------+-------+-------+-------++-------
Melee: Long sword        |    94 |    72 |   453 |   731 ||  1350
       Headbutt          |    13 |    14 |   100 |   223 ||   350
       Morningstar       |       |       |       |     8 ||     8
       Falchion          |       |       |       |    46 ||    46
Invok: Heroism           |       |     1 |     6 |    27 ||    34
Evoke: Wand              |       |       |     2 |     2 ||     4
  Use: Potion            |     2 |     1 |     1 |     4 ||     8
       Scroll            |     4 |     1 |     1 |    11 ||    17
 Stab: Paralysed         |       |       |     2 |       ||     2
Armor: Scale mail        |    51 |       |       |       ||    51
       Chain mail        |     3 |    47 |   244 |    10 ||   304
       Plate armour      |       |       |       |   432 ||   432
Dodge: Dodged            |    62 |    36 |   178 |   315 ||   591
Block: Buckler           |    34 |    17 |   135 |   301 ||   487
